 Dungeon Crawl Stone Soup version 0.32-a0-818-gb728d0252e (webtiles) character file.

Game seed: 2036570091722228068

590477 RepHenryClay the Slayer (level 25, -7/254 HPs)
             Began as a Mountain Dwarf Berserker on Mar 19, 2024.
             Was the Champion of Trog.
             Mangled by a jiangshi (14 damage)
             ... led by a vampire mage
             ... on level 2 of the Crypt on Mar 24, 2024.
             The game lasted 02:31:45 (70654 turns).

RepHenryClay the Slayer (Mountain Dwarf Berserker) Turns: 70654, Time: 02:31:46

Health: -7/254     AC: 45    Str: 22      XL:     25   Next: 65%
Magic:  23/23      EV: 20    Int:  8 (11) God:    Trog [******]
Gold:   4731       SH:  0    Dex: 15      Spells: 24/24 levels left

rFire   + . .        a - +9 executioner's axe of Perversion {flame, *Rage rElec rCorr Str-3}
rCold   + . .        (shield currently unavailable)
rNeg    + + +        O - +9 pearl dragon scales
rPois   +            k - +2 helmet
rElec   +            M - +2 cloak {rPois}
rCorr   +            W - +0 pair of gloves of the gadgeteer {Gadgeteer Wandboost ^Fragile}
SInv    .            j - +0 pair of boots of Courage {rF+ rC+ Dex+4}
Will    +....        p - amulet of Vitality {Regen++ RegenMP++} Stlth
                     R - +5 ring of evasion
HPRegen 2.22/turn    C - ring of Atont {rN++ Will+}
MPRegen 0.98/turn

%: clarity
@: about to teleport, weak-willed, flayed, on berserk cooldown, slowed, studying
Unarmed Combat, very slow
A: runic magic, artefact enchanting, iridescent scales 1, clarity, weak 1,
persistent drain
}: 4/15 runes: decaying, silver, abyssal, gossamer
a: Renounce Religion, Berserk, Trog's Hand, Brothers in Arms


You were on level 2 of the Crypt.
You worshipped Trog.
Trog was exalted by your worship.
You visited 10 branches of the dungeon, and saw 50 of its levels.
You visited the Abyss 3 times.

You collected 8591 gold pieces.
You spent 3860 gold pieces at shops.

Inventory:

Hand Weapons
 a - the +9 executioner's axe of Perversion (weapon) {flame, *Rage rElec rCorr Str-3}
   (Trog gifted it to you on level 1 of the Elven Halls)

   Str-3:     It affects your strength (-3).
   rElec:     It insulates you from electricity.
   *Rage:     It berserks you when you make melee attacks (+20% chance).
   rCorr:     It protects you from acid and corrosion.
 b - a +7 antimagic executioner's axe
 u - the +2 broad axe of Eternal Vigilance {flame, Fly Will+}
   (You took it off a deep elf demonologist on level 3 of the Elven Halls)

   Will+:     It increases your willpower.
   Fly:       It grants you flight.
Missiles
 A - 5 curare-tipped darts (quivered)
 S - 4 throwing nets
Armour
 j - the +0 pair of boots of Courage (worn) {rF+ rC+ Dex+4}
   (You found it on level 3 of the Elven Halls)

   Dex+4:     It affects your dexterity (+4).
   rF+:       It protects you from fire.
   rC+:       It protects you from cold.
 k - a +2 helmet (worn)
 L - a +2 pair of boots of flying
 M - a +2 cloak of poison resistance (worn)
 O - +9 pearl dragon scales (worn)
 W - the +0 pair of gloves of the gadgeteer (worn) {Gadgeteer Wandboost ^Fragile}
   (You found it on level 4 of the Spider Nest)

   Gadgeteer: Your evocable items recharge 30% faster and wands have a 30%
   chance to not spend a charge.
   Wandboost: Your wands are more powerful.
   ^Fragile:  It will be destroyed if unequipped.
Jewellery
 i - the amulet "Nuuzenk" {Acrobat -Tele rElec rPois Will+++}
   (You took it off a deep elf death mage on level 5 of the Vaults)

   [amulet of the acrobat]

   Acrobat:   It increases your evasion while moving and waiting.
   rElec:     It insulates you from electricity.
   rPois:     It protects you from poison.
   Will+++:   It greatly increases your willpower.
   -Tele:     It prevents most forms of teleportation.
 n - a ring of flight
 p - the amulet of Vitality (around neck) {Regen++ RegenMP++}
   (You took it off a royal mummy on level 1 of the Crypt)

   [amulet of nothing]

   Regen++:   It increases your rate of health regeneration.
   RegenMP++: It increases your rate of magic regeneration.
 C - the ring of Atont (right hand) {rN++ Will+}
   (You acquired it on level 5 of the Vaults)

   [ring of willpower]

   rN++:      It greatly protects you from negative energy.
   Will+:     It increases your willpower.
 H - a ring of protection from cold
 I - the ring "Maechuhu" {Dex+4 SInv}
   (You took it off a tengu conjurer on level 14 of the Dungeon)

   [ring of see invisible]

   Dex+4:     It affects your dexterity (+4).
   SInv:      It lets you see invisible.
 K - a ring of resist corrosion
 R - a +5 ring of evasion (left hand)
 V - a ring of protection from fire
Wands
 s - a wand of digging (6)
 y - a wand of mindburst (32)
 F - a wand of paralysis (46)
 G - a wand of roots (90)
 U - a wand of quicksilver (34)
Scrolls
 f - 6 scrolls of fog
 l - 3 scrolls of teleportation
 o - a scroll of revelation
 q - 4 scrolls of blinking
 r - 6 scrolls of immolation
 D - 12 scrolls of enchant weapon
 N - 6 scrolls of torment
 Q - 8 scrolls of fear
 T - a scroll of butterflies
 X - 7 scrolls of brand weapon
Potions
 e - 4 potions of resistance
 g - 7 potions of mutation
 t - 6 potions of enlightenment
 v - 10 potions of attraction
 w - 11 potions of might
 x - 6 potions of heal wounds
 z - 10 potions of curing
 B - 5 potions of cancellation
 E - 4 potions of haste
 P - 3 potions of invisibility
 Y - 4 potions of magic
 Z - 8 potions of ambrosia
Miscellaneous
 c - a phial of floods
 d - a sack of spiders
 h - a lightning rod (4/4)
 m - a condenser vane
 J - a phantom mirror


   Skills:
 + Level 26.3 Fighting
 - Level 24.0 Axes
 - Level 5.3 Throwing
 + Level 26.3 Armour
 - Level 12.0 Dodging
 - Level 24.0 Evocations


You had 24 spell levels left.
You didn't know any spells.
Your spell library was empty.

Dungeon Overview and Level Annotations

Branches:
Dungeon (15/15)            Temple (0/1) D:7            Lair (5/5) D:11
  Swamp (4/4) Lair:3       Spider (4/4) Lair:3        Slime (0/5) Lair:4
    Orc (2/2) D:11            Elf (3/3) Orc:2        Vaults (5/5) D:14
  Crypt (3/3) Vaults:3     Depths (4/4) D:15            Zot (5/5) Depths:4
   Tomb: Crypt:3

Altars:
Elyvilon
Fedhas
Gozag
Kikubaaqudgha
Qazlal
Ru
Trog
Vehumet
Beogh
Lugonu

Shops:
D:1 =   D:10 !   Orc:1 (   Orc:2 [***   Elf:2 :   Vaults:4 (   Depths:4 *??

Portals:
Hell: Depths:1 Depths:2 Depths:3 Depths:4
Abyss: Lair:5 Depths:3 Depths:4
Pandemonium: Depths:2
Ziggurat: Depths:3

Annotations:
Lair:4 exclusion: 3 oklob plants
Lair:5 1 exclusion
Vaults:2 1 runed translucent door, Jyghoireu's ghost, veteran HOMo
Zot:5 1 exclusion


Innate Abilities, Weirdness & Mutations

Your spellcasting is much less encumbered by armour.
You can use scrolls of enchantment on lesser artefacts.
You are partially covered in iridescent scales. (AC +2)
You possess an exceptional clarity of mind.
You are weak. (Str -2)
Your health recovers twice as slowly from being drained.


Message History

* * * LOW HITPOINT WARNING * * *
The vampire knight bites you but does no damage.
Damage: -2%(-7hp) hp: 10%(38hp) Welcome back, RepHenryClay the Mountain Dwarf Berserker.
Trog says: Kill them all!
Press ? for a list of commands and other information.
You slash the vampire knight! You burn the vampire knight.
The vampire knight is heavily damaged.
You slash the jiangshi! You burn the jiangshi. You slash the jiangshi!
You burn the jiangshi. You closely miss something.
You are no longer berserk.
You are exhausted.
You feel as though you will be slow longer.
The vampire knight hits you but does no damage.
The vampire knight bites you but does no damage.
Something hits you but does no damage.
Deactivating autopickup; reactivate with Ctrl-A.
Huge Dmg: -4%(-11hp) hp: 11%(27hp) Welcome back, RepHenryClay the Mountain Dwarf Berserker.
Trog says: Kill them all!
Press ? for a list of commands and other information.
Blink to where?
Press: ? - help, Dir - move target
As you read the scroll of blinking, it crumbles to dust.
The jiangshi claws you.
* * * LOW HITPOINT WARNING * * *
The jiangshi claws you!
* * * LOW HITPOINT WARNING * * *
The jiangshi misses you. The jiangshi barely misses you.
Huge Dmg: -6%(-15hp) hp: 6%(15hp) Welcome back, RepHenryClay the Mountain Dwarf Berserker.
Trog says: Kill them all!
Press ? for a list of commands and other information.
As you read the scroll of teleportation, it crumbles to dust.
You feel strangely unstable.
The jiangshi claws you but does no damage.
The jiangshi claws you!
* * * LOW HITPOINT WARNING * * *
The jiangshi claws you!
You die...

############# ######
##....VV.....#######.....
#.....#@......'..##......
#....V#.......'...'......
#.....#.......##..'......
##..VV#.......##..#......
##.Z§#.......##..#......
##[.#.......##..#......
#####.......+...'......
##...........##..'......
##.....####''###..#......


You could see 2 jiangshi.

Vanquished Creatures
  Khufu (Crypt:1)
  An ancient lich (Vaults:5)
  Mara (Swamp:3)
  Xtahua (Vaults:3)
  A royal mummy (Crypt:1)
  Sojobo (Depths:2)
  Bai Suzhen (Depths:1)
  2 curse toes
  2 caustic shrikes (Depths:4)
  7 golden dragons
  Nikola (D:14)
  2 bone dragons
  3 doom hounds (Crypt:1)
  A pearl dragon (Abyss:4)
  Arachne (Spider:3)
  Rupert (D:14)
  An electric golem (Zot:5)
  5 liches
  A walking earthen tome (Depths:1)
  Zenata (Crypt:1)
  Grunn (Crypt:1)
  2 titans (Vaults:5)
  17 tentacled monstrosities
  2 quicksilver dragons
  3 walking divine tomes
  A deep elf blademaster (Elf:3)
  10 sphinxes
  6 death cobs
  2 ancient champions
  4 tentacled starspawn
  A thorn hunter (Swamp:2)
  9 storm dragons
  6 tengu reavers
  8 shadow dragons
  Donald (Crypt:1)
  5 protean progenitors
  A fenstrider witch (Swamp:3)
  4 fire giants
  3 narguns (Depths:1)
  3 draconian monks
  2 draconian knights (Zot:1)
  7 frost giants
  5 draconian scorchers
  16 deep elf sorcerers
  Louise (Swamp:3)
  11 vault wardens
  3 curse skulls
  3 draconian shifters
  10 ghost moths
  4 iron dragons
  A balrug (Depths:2)
  A ghoul (Crypt:1)
  6 draconian annihilators
  21 ironbound preservers
  2 reapers (Crypt:2)
  3 deep elf elementalists (Elf:3)
  7 draconian stormcallers
  The ghost of jasper the Severer, a journeyman CoGl of Okawaru (Orc:2)
  2 broodmothers
  7 orc warlords
  9 very ugly things
  3 green draconians
  10 ironbound thunderhulks
  9 eleionomae
  3 vampire knights
  12 stone giants
  7 deep elf demonologists
  15 dire elephants
  4 purple draconians
  3 war gargoyles
  8 yellow draconians
  A lorocyproca (Depths:2)
  5 black draconians
  Nessos (D:12)
  7 red draconians
  5 deep elf death magi
  4 spark wasps
  3 bunyips
  7 white draconians
  10 deep elf annihilators
  2 blizzard demons (Zot:2)
  Azrael (Elf:2)
  2 statues (D:14)
  2 eidola (Crypt:1)
  Snorg (Lair:4)
  4 mummy priests (Crypt:1)
  A crystal guardian (Vaults:3)
  A quicksilver dragon zombie (Crypt:1)
  15 ettins
  The ghost of Eghac the Mimic, a journeyman DsSh of Okawaru (D:13)
  7 deep elf high priests
  3 fire dragons
  Fannar (D:11)
  19 yaktaur captains
  5 entropy weavers
  10 great orbs of eyes
  20 hydras
  5 jiangshi
  An entropy weaver (shapeshifter) (Abyss:3)
  A shambling mangrove (Swamp:3)
  Erolcha (D:11)
  2 spriggan zombies (Crypt:2)
  A quicksilver dragon skeleton (Depths:1)
  Harold (Orc:1)
  3 rakshasas
  4 spriggan air magi
  36 vault guards
  A hell beast (Depths:1)
  A caustic shrike simulacrum (Crypt:3)
  2 peacekeepers
  3 ice dragons
  A catoblepas (D:13)
  8 ironbound frosthearts
  7 radroaches
  2 ghost crabs
  2 ogre magi
  4 alligators
  10 boulder beetles
  2 death knights
  25 dancing weapons
  A death yak (Lair:2)
  10 centaur warriors
  A tengu warrior (D:15)
  A hell hog (Depths:1)
  6 vampire magi
  4 deep troll shamans
  9 demonic crawlers
  4 two-headed ogres (D:13)
  7 deep troll earth magi
  3 soul eaters
  9 sun demons
  7 thrashing horrors
  16 deep elf knights
  5 hell knights
  Nergalle (D:12)
  7 orc high priests
  5 spriggan berserkers
  7 occultists
  A storm dragon zombie (Crypt:1)
  A shadow wraith (Crypt:2)
  A skyshark (shapeshifter) (Depths:2)
  3 skysharks (Zot:1)
  6 pharaoh ants
  2 wretched stars
  2 golden dragon zombies (Depths:1)
  6 spatial maelstroms (Abyss:3)
  A titan skeleton (Depths:1)
  3 goliath frogs (Swamp:3)
  Lodul (D:12)
  A fire crab (shapeshifter) (Vaults:5)
  6 iron trolls
  A salamander mystic (D:14)
  A sixfirhy (Depths:2)
  21 skeletal warriors
  4 spriggan druids
  A glowing orange brain (shapeshifter) (Depths:3)
  2 orb spiders (shapeshifter) (Vaults:5)
  3 glowing orange brains
  The ghost of scarr the Conjurer, a novice DrCj (D:6)
  9 arcanists
  A sea snake (shapeshifter) (Vaults:4)
  3 bog bodies
  7 swamp dragons
  2 sun moths (Spider:4)
  66 deep trolls
  A sun moth (shapeshifter) (Lair:5)
  2 shock serpents (shapeshifter)
  A bunyip skeleton (Crypt:3)
  8 orb spiders
  8 necromancers
  14 ironbound convokers
  A harpy (shapeshifter) (Abyss:3)
  37 deep elf pyromancers
  12 thermic dynamos
  8 steelbarb worms
  A shadow dragon zombie (Crypt:1)
  A fire giant zombie (Depths:1)
  7 lindwurms
  A lindwurm (shapeshifter) (Vaults:5)
  14 deep elf archers
  21 wolf spiders
  4 cyclopes
  9 phantasmal warriors
  An obsidian bat (Orc:2)
  26 orc knights
  9 wolf spider zombies (Spider:1)
  30 deep elf zephyrmancers
  4 oklob plants (Lair:1)
  A faun (shapeshifter) (Elf:2)
  6 orc sorcerers
  A shadow dragon skeleton (Crypt:2)
  11 large abominations
  A wolf spider (shapeshifter) (Depths:2)
  A shining eye (Depths:1)
  11 elephants
  35 ugly things
  6 manticores
  2 will-o-the-wisps
  A fire giant skeleton (Depths:1)
  2 worldbinders
  Maurice (D:10)
  29 moths of wrath
  21 vault sentinels
  17 meliai
  A kobold blastminer (Orc:2)
  A dire elephant zombie (Crypt:1)
  A meliai (shapeshifter) (Abyss:4)
  2 naga zombies (Crypt:2)
  2 black mambas (Lair:2)
  A guardian serpent (shapeshifter) (Elf:2)
  2 smoke demons
  2 eyes of devastation
  An orange demon (Abyss:3)
  3 gargoyles
  A rime drake (Lair:2)
  A storm dragon simulacrum (Depths:1)
  7 cane toads
  3 unseen horrors
  Maggie (D:7)
  5 freezing wraiths
  9 komodo dragons
  8 torpor snails
  2 tormentors (Abyss:3)
  An ancient zyme (Abyss:3)
  A kobold demonologist (D:11)
  12 redback zombies (Spider:1)
  Psyche (D:10)
  19 yaktaurs
  3 efreet (D:15)
  11 tengu conjurers
  2 guardian mummies (Crypt:1)
  A sea snake skeleton (Crypt:1)
  A troll (shapeshifter) (Elf:1)
  2 harpy zombies (Crypt:1)
  8 tyrant leeches
  3 polar bears (Lair:5)
  9 hornets
  2 trolls (D:9)
  2 raiju (shapeshifter) (D:14)
  A glass eye (shapeshifter) (Vaults:5)
  2 raiju (Lair:5)
  21 tarantellas
  7 tarantella zombies (Spider:1)
  24 blink frogs
  3 culicivora zombies (Spider:1)
  2 glass eyes (Depths:3)
  2 snapping turtles (shapeshifter)
  2 ettin zombies (Crypt:1)
  15 culicivoras
  29 jumping spiders
  A centaur simulacrum (D:14)
  A spriggan (shapeshifter) (Lair:5)
  A shadow (D:12)
  20 slime creatures
  3 ynoxinuls
  An air elemental (Elf:2)
  6 spriggans
  7 wraiths
  A culicivora (shapeshifter) (Lair:5)
  3 humans (D:14)
  A neqoxec (Abyss:3)
  34 yaks
  2 fire bats (Abyss:3)
  6 fire elementals
  2 steam dragons
  A redback (shapeshifter) (Depths:2)
  A warg (D:10)
  51 redbacks
  9 basilisks
  6 chaos spawn
  23 vampire mosquitoes
  15 swamp worms
  2 acid dragons
  3 spatial vortices (Abyss:3)
  2 hell hounds
  13 water moccasins
  A faun skeleton (Crypt:2)
  23 orc warriors
  A sky beast (Abyss:3)
  A lindwurm zombie (Crypt:2)
  8 swamp drakes (Swamp:4)
  2 black bears
  6 wolves
  6 laughing skulls
  2 tengu (shapeshifter)
  14 ogres
  5 boggarts
  8 centaurs
  A rime drake zombie (Crypt:1)
  5 kobold brigands
  11 bullfrogs
  7 gnoll sergeants
  11 small abominations
  2 earth elementals (Elf:3)
  2 salamander skeletons
  A scorpion (D:3)
  16 wights
  A yak skeleton (Crypt:2)
  5 howler monkeys
  An electric eel (Lair:3)
  2 quasits
  A wolf skeleton (Crypt:2)
  2 gnoll boudas
  A human zombie (Crypt:1)
  21 orc priests
  6 bombardier beetles
  2 hounds
  2 jellies
  4 sleepcaps
  2 hell rats (Lair:3)
  30 orc wizards
  An iguana (D:7)
  A killer bee zombie (Crypt:2)
  A sky beast zombie (Crypt:1)
  A crocodile zombie (Crypt:1)
  3 mummies
  7 adders
  31 gnolls
  11 river rats (Lair:3)
  A shadow imp (D:6)
  A white imp (D:8)
  2 ribbon worms
  2 dart slugs
  72 orcs
  2 ball pythons
  5 bats
  3 endoplasms
  2 giant cockroaches
  9 goblins
  7 hobgoblins
  6 jackals
  31 kobolds
  4 quokkas
  5 frilled lizards
  2 hobgoblin skeletons
  A hobgoblin zombie (D:6)
  A kobold zombie (D:6)
  2 orc zombies (D:6)
  9 rats
  A river rat zombie (Crypt:1)
  An aspiring flesh (Zot:4)
  11 starspawn tentacles
2109 creatures vanquished.

Vanquished Creatures (collateral kills)
  Aizul (Vaults:1)
  A vault warden (Vaults:1)
  A yellow draconian (Zot:1)
  A white draconian (Zot:1)
  An ironbound convoker (Vaults:1)
  A cane toad (Lair:5)
  2 yaktaurs (Vaults:1)
  3 spatial vortices (Abyss:3)
11 creatures vanquished.

Vanquished Creatures (others)
  A tengu reaver (Vaults:5)
  A fire giant (Vaults:5)
  A white draconian (Zot:3)
  A hydra (Swamp:3)
  A deep elf knight (Elf:3)
  A spriggan druid (Swamp:3)
  A tengu conjurer (D:13)
  A bloated husk (Swamp:3)
  2 culicivoras (Spider:2)
  2 water elementals
  A redback (Spider:2)
  A hell hound (Elf:2)
  An orc wizard (Orc:2)
  An orc (Orc:2)
  11 foxfires
  2 starspawn tentacles
29 creatures vanquished.

Grand Total: 2149 creatures vanquished

Notes
Turn   | Place    | Note
-------+----------+-------------------------------------------
     0 | D:1      | RepHenryClay the Mountain Dwarf Berserker began the quest
                  | for the Orb.
     0 | D:1      | Reached XP level 1. HP: 19/19 MP: 1/1
    46 | D:1      | Found Loab's Jewellery Shoppe.
   166 | D:1      | Reached XP level 2. HP: 21/26 MP: 2/2
   363 | D:1      | Reached XP level 3. HP: 17/31 MP: 3/3
   633 | D:1      | Reached ** piety under Trog
   697 | D:1      | Found a faded altar of an unknown god.
  1125 | D:2      | Reached XP level 4. HP: 38/38 MP: 4/4
  1449 | D:1      | Reached skill level 5 in Axes
  1859 | D:3      | Reached XP level 5. HP: 45/45 MP: 5/5
  1879 | D:3      | Gained mutation: You possess an exceptional clarity of
                  | mind. [potion of mutation]
  1879 | D:3      | Gained mutation: You are partially covered in iridescent
                  | scales. (AC +2) [potion of mutation]
  1879 | D:3      | Gained mutation: You are weak. (Str -2) [potion of
                  | mutation]
  2229 | D:3      | Reached skill level 5 in Armour
  2229 | D:3      | Reached XP level 6. HP: 51/51 MP: 6/6
  2756 | D:4      | Reached *** piety under Trog
  2987 | D:4      | Found a blossoming altar of Fedhas.
  3396 | D:5      | Entered Level 5 of the Dungeon
  3401 | D:5      | Reached XP level 7. HP: 57/57 MP: 7/7
  3927 | D:5      | Reached XP level 8. HP: 63/63 MP: 8/8
  4573 | D:6      | Reached **** piety under Trog
  4603 | D:6      | Found a transporter.
  4818 | D:6      | Reached skill level 10 in Axes
  5043 | D:6      | Noticed scarr's ghost (novice DrCj)
  5050 | D:6      | Identified the +1 scale mail of Precision Catastrophes
                  | {rPois rF+ rC-}
  5057 | D:6      | Found a transporter.
  5367 | D:7      | Reached XP level 9. HP: 39/70 MP: 4/9
  5652 | D:7      | Found a staircase to the Ecumenical Temple.
  5652 | D:7      | Noticed Maggie
  5975 | D:8      | Reached skill level 10 in Armour
  6801 | D:9      | Noticed a troll
  6809 | D:9      | Killed a troll
  7239 | D:9      | Reached skill level 5 in Fighting
  7239 | D:9      | Reached XP level 10. HP: 58/81 MP: 8/10
  7446 | D:10     | Entered Level 10 of the Dungeon
  7484 | D:10     | Noticed a brown ugly thing
  7492 | D:10     | Killed a brown ugly thing
  7776 | D:10     | Noticed Psyche
  7791 | D:10     | Killed Psyche
  8044 | D:10     | Found Cenisefa's Distillery.
  8126 | D:10     | Bought a potion of haste for 110 gold pieces
  8126 | D:10     | Bought a potion of might for 44 gold pieces
  8126 | D:10     | Bought a potion of heal wounds for 55 gold pieces
  8126 | D:10     | Bought a potion of degeneration for 11 gold pieces
  8304 | D:10     | Noticed Maurice
  8308 | D:10     | Maurice stole a ring of fire
  8322 | D:10     | Killed Maurice
  8363 | D:11     | Noticed Fannar
  8724 | D:11     | Killed Fannar
  8725 | D:11     | Reached XP level 11. HP: 94/94 MP: 11/11
  8765 | D:11     | Reached ***** piety under Trog
  8845 | D:11     | Found a staircase to the Orcish Mines.
  8875 | D:11     | Noticed Erolcha
  8889 | D:11     | Killed Erolcha
  9138 | D:11     | Found a staircase to the Lair.
  9328 | Lair:1   | Entered Level 1 of the Lair of Beasts
  9616 | D:7      | Killed Maggie
 10380 | D:6      | Killed scarr's ghost
 10965 | Orc:1    | Entered Level 1 of the Orcish Mines
 11007 | Orc:1    | Noticed Harold
 11026 | Orc:1    | Killed Harold
 11450 | Orc:1    | Found a roughly hewn altar of Beogh.
 11543 | Orc:1    | Reached skill level 15 in Axes
 11700 | Orc:1    | Found Rahuckust's Antique Weapon Boutique.
 11703 | Orc:1    | Received a gift from Trog
 12033 | Lair:1   | Noticed an oklob plant
 12903 | Lair:2   | Identified the +2 dagger of Roirch {freeze, rElec rPois
                  | Dex-5}
 12971 | Lair:2   | Noticed a death yak
 12977 | Lair:2   | Reached XP level 12. HP: 74/101 MP: 9/12
 12987 | Lair:2   | Killed a death yak
 13441 | Lair:2   | Reached skill level 15 in Armour
 14386 | Lair:3   | Found a hole to the Spider Nest.
 14814 | Lair:3   | Identified the +3 halberd of Exchange {flame, Str+6 Dex-4}
                  | (Trog gifted it to you on level 3 of the Lair of Beasts)
 14814 | Lair:3   | Received a gift from Trog
 15147 | Lair:3   | Found a staircase to the Swamp.
 15462 | Lair:4   | Reached XP level 13. HP: 101/107 MP: 11/13
 15751 | Lair:4   | Identified the +9 plate armour of Jelafyw {rF+ Dex+2
                  | Stlth-}
 15914 | Lair:4   | Noticed Snorg
 15921 | Lair:4   | Killed Snorg
 16422 | Lair:5   | Entered Level 5 of the Lair of Beasts
 16476 | Lair:5   | Reached skill level 1 in Throwing
 16657 | Lair:5   | Identified a scroll of acquirement
 16662 | Lair:5   | Reached skill level 5 in Throwing
 16662 | Lair:5   | Reached XP level 14. HP: 23/115 MP: 7/14
 17239 | Lair:5   | Received a gift from Trog
 17563 | Lair:5   | Identified the +2 long sword "Doudopy" {speed, Fly}
 18110 | Lair:5   | Found a corrupted altar of Lugonu.
 18110 | Lair:5   | Found a one-way gate to the infinite horrors of the Abyss.
 18118 | Lair:5   | Identified the +6 halberd "Tiustoasu" {drain, rN+ Str+2
                  | Dex-4}
 18238 | Lair:4   | Found a staircase to the Slime Pits.
 18755 | Orc:2    | Entered Level 2 of the Orcish Mines
 18826 | Orc:2    | Reached skill level 10 in Fighting
 19156 | Orc:2    | Found a roughly hewn altar of Beogh.
 19192 | Orc:2    | Found a runed translucent gate.
 19192 | Orc:2    | Found a runed translucent gate.
 19192 | Orc:2    | Found a runed translucent gate.
 19193 | Orc:2    | Found an opulent altar of Gozag.
 19193 | Orc:2    | Noticed jasper's ghost (journeyman CoGl)
 19378 | Orc:2    | Found a staircase to the Elven Halls.
 19457 | Orc:2    | Received a gift from Trog
 19732 | Orc:2    | Killed jasper's ghost
 19733 | Orc:2    | Reached XP level 15. HP: 128/128 MP: 10/15
 19798 | Orc:2    | Acquired a manual of Fighting
 19965 | Orc:2    | Found Uwun's Assorted Antiques.
 19965 | Orc:2    | Found Qejolamo's Antique Armour Emporium.
 19967 | Orc:2    | Found Iwnilij's General Store.
 19967 | Orc:2    | Found Zihauhy's Assorted Antiques.
 19973 | Orc:2    | Bought a scroll of teleportation for 87 gold pieces
 19973 | Orc:2    | Bought a potion of curing for 87 gold pieces
 19976 | Orc:2    | Bought a potion of curing for 42 gold pieces
 19977 | Orc:2    | Bought a tiny jasper amulet for 145 gold pieces
 19977 | Orc:2    | Bought a potion of heal wounds for 145 gold pieces
 19977 | Orc:2    | Bought a scroll of teleportation for 87 gold pieces
 19979 | Orc:2    | Bought a pair of embroidered gloves for 232 gold pieces
 19979 | Orc:2    | Bought the +1 Delatra's gloves {ID++} for 310 gold pieces
 19979 | Orc:2    | Bought a heavily runed plate armour for 868 gold pieces
 19979 | Orc:2    | Identified the +0 plate armour "Fiurgh" {Harm Rampage} (You
                  | bought it in a shop on level 2 of the Orcish Mines)
 19979 | Orc:2    | Found the +1 Delatra's gloves {ID++}
 20055 | D:12     | Noticed Nessos
 20069 | D:12     | Killed Nessos
 20094 | D:12     | Noticed Lodul
 20138 | D:12     | Killed Lodul
 20501 | D:12     | Noticed Nergalle
 20511 | D:12     | Killed Nergalle
 21101 | D:13     | Reached skill level 15 in Fighting
 21417 | D:13     | Found a transporter.
 21417 | D:13     | Identified the +3 giant spiked club "Avuon" {drain,
                  | ^Fragile rF+ Int+3}
 21417 | D:13     | Noticed Eghac's ghost (journeyman DsSh)
 21422 | D:13     | Found a transporter.
 21934 | D:13     | Killed Eghac's ghost
 21934 | D:13     | Received a gift from Trog
 22127 | D:14     | Identified the +4 trident of Cuhudif {heavy, SInv}
 22201 | D:14     | Reached skill level 1 in Evocations
 22284 | D:14     | Found a gate to the Vaults.
 22490 | D:14     | Found a bloodstained altar of Trog.
 22796 | D:14     | Noticed Rupert
 22805 | D:14     | Killed Rupert
 22831 | D:14     | Reached XP level 16. HP: 136/158 MP: 11/16
 23215 | D:14     | Found a radiant altar of Vehumet.
 23215 | D:14     | Noticed Nikola
 23231 | D:14     | Killed Nikola
 23235 | D:14     | Identified the +6 falchion of the Voracious God {protect,
                  | rF+}
 23501 | D:14     | Found an opulent altar of Gozag.
 23580 | D:14     | Identified the +7 glaive "Embalmer" {heavy, rPois rF- rN++
                  | Dex+2} (Trog gifted it to you on level 14 of the Dungeon)
 23580 | D:14     | Received a gift from Trog
 23796 | D:14     | Identified the ring "Maechuhu" {Dex+4 SInv}
 23816 | D:14     | Reached skill level 5 in Evocations
 23821 | D:14     | Upgraded the game from 0.32-a0-779-g362cfcae2a to
                  | 0.32-a0-791-gfc315c9ecd
 24391 | D:15     | Entered Level 15 of the Dungeon
 25285 | D:15     | Found a staircase to the Depths.
 25884 | Spider:1 | Entered Level 1 of the Spider Nest
 26331 | Spider:1 | Received a gift from Trog
 27359 | Spider:1 | Received a gift from Trog
 27585 | Spider:2 | Reached XP level 17. HP: 159/169 MP: 17/17
 28593 | Spider:2 | Reached ****** piety under Trog
 29570 | Spider:3 | Reached skill level 10 in Evocations
 30382 | Spider:4 | Entered Level 4 of the Spider Nest
 30960 | Spider:4 | Found the +0 pair of gloves of the gadgeteer {Gadgeteer
                  | Wandboost ^Fragile}
 31102 | Spider:4 | Noticed Arachne
 31351 | Spider:3 | Killed Arachne
 31875 | Spider:4 | Received a gift from Trog
 32687 | Spider:4 | Identified the +1 quarterstaff of Discomfort {freeze, rF+}
 32725 | Spider:4 | Got a gossamer rune of Zot
 33014 | Swamp:1  | Entered Level 1 of the Swamp
 33062 | Swamp:1  | Reached XP level 18. HP: 137/182 MP: 13/18
 33458 | Swamp:1  | You fall into a shaft and drop 1 floor!
 34906 | Swamp:3  | Noticed Mara
 35212 | Swamp:3  | Noticed RepHenryClay's illusion
 35328 | Swamp:3  | Noticed RepHenryClay's illusion
 35468 | Swamp:3  | Noticed RepHenryClay's illusion
 35598 | Swamp:3  | Noticed RepHenryClay's illusion
 35735 | Swamp:3  | Noticed RepHenryClay's illusion
 35898 | Swamp:3  | Noticed RepHenryClay's illusion
 35920 | Swamp:3  | Killed Mara
 36021 | Swamp:3  | Noticed Louise
 36050 | Swamp:3  | Killed Louise
 36050 | Swamp:3  | Identified the +0 quick blade "Edwoic" {antimagic, rF+++
                  | rC- Int-3 SInv} (Trog gifted it to you on level 3 of the
                  | Swamp)
 36050 | Swamp:3  | Received a gift from Trog
 37018 | Swamp:4  | Entered Level 4 of the Swamp
 37690 | Swamp:4  | Received a gift from Trog
 37814 | Swamp:4  | Got a decaying rune of Zot
 38368 | D:1      | Bought an amulet of regeneration for 300 gold pieces
 38368 | D:1      | Bought the ring "Cuhis" {Ice rCorr Int-4 Slay+5} for 502
                  | gold pieces
 38871 | Vaults:1 | Entered Level 1 of the Vaults
 39353 | Vaults:1 | Reached XP level 19. HP: 152/191 MP: 19/19
 39651 | Vaults:1 | Received a gift from Trog
 39654 | Vaults:1 | Identified the serpent talisman of Pizimoh {Int+6 Slay+3}
 39654 | Vaults:1 | Noticed Aizul
 39951 | Vaults:1 | Identified the +3 leather armour of Forking Paths {*Slow
                  | rPois rC+ Dex+4}
 39969 | Vaults:1 | Killed Aizul
 40533 | Vaults:1 | Reached skill level 15 in Evocations
 41084 | Vaults:2 | You fall into a shaft and drop 2 floors!
 41563 | Vaults:3 | Received a gift from Trog
 41790 | Vaults:2 | Reached skill level 5 in Dodging
 41968 | Vaults:2 | Found a runed translucent door.
 41968 | Vaults:2 | Noticed Jyghoireu's ghost (veteran HOMo)
 42249 | Vaults:2 | Reached XP level 20. HP: 178/200 MP: 6/20
 42380 | Vaults:2 | Received a gift from Trog
 43506 | Vaults:3 | Found a staircase to the Crypt.
 43611 | Vaults:3 | Identified the +0 ring mail "Gugi" {Str+3}
 43916 | Vaults:3 | Received a gift from Trog
 44117 | Vaults:3 | Found a roughly hewn altar of Beogh.
 44734 | Vaults:4 | Found Qomushru's Weapon Shoppe.
 44908 | Abyss:3  | Cast into level 3 of the Abyss (a deep elf demonologist)
 44913 | Abyss:3  | Found a corrupted altar of Lugonu.
 44995 | Abyss:3  | Noticed a bone dragon
 45039 | Abyss:3  | Killed a bone dragon
 45093 | Abyss:3  | Got an abyssal rune of Zot
 45302 | Vaults:4 | Escaped the Abyss
 45312 | Vaults:4 | Received a gift from Trog
 45434 | Vaults:4 | Reached XP level 21. HP: 130/207 MP: 7/21
 46060 | Elf:1    | Entered Level 1 of the Elven Halls
 46278 | Elf:1    | Identified the +8 executioner's axe of Perversion {flame,
                  | *Rage rElec rCorr Str-3} (Trog gifted it to you on level 1
                  | of the Elven Halls)
 46278 | Elf:1    | Received a gift from Trog
 46505 | Elf:1    | Identified the +3 scale mail of Orthodoxy {rC+ Dex+2}
 47021 | Elf:1    | Found a bloodstained altar of Trog.
 47303 | Elf:3    | Entered Level 3 of the Elven Halls
 47447 | Elf:2    | Paralysed by an air elemental for 1 turns
 47586 | Elf:2    | Received a gift from Trog
 47860 | Elf:2    | Noticed Azrael
 47869 | Elf:2    | Killed Azrael
 47974 | Elf:2    | Found Wirphumee's Book Shop.
 48022 | Elf:2    | Found a runed translucent gate.
 48023 | Elf:2    | Found a runed translucent gate.
 48023 | Elf:2    | Found a runed translucent gate.
 48572 | Elf:2    | Received a gift from Trog
 49187 | Elf:2    | Found Wirphumee's Book Shop.
 50165 | Abyss:3  | Cast into level 3 of the Abyss (a deep elf sorcerer)
 50265 | Elf:3    | Escaped the Abyss
 50375 | Elf:3    | Received a gift from Trog
 50442 | Elf:3    | Reached XP level 22. HP: 205/217 MP: 22/22
 50626 | Elf:3    | Identified the +1 hand axe of Pecwuliu {venom, rElec rPois}
 50739 | Elf:3    | Identified the amulet of Thoughtfulness {Spirit rPois}
 50746 | Abyss:3  | Cast into level 3 of the Abyss (a deep elf demonologist)
 50883 | Abyss:4  | Found a corrupted altar of Lugonu.
 50904 | Abyss:4  | Received a gift from Trog
 50985 | Elf:3    | Escaped the Abyss
 51002 | Elf:3    | Identified the amulet "Siethoble" {Reflect Harm Str+3 Dex+3
                  | Slay+3 SH+5}
 51270 | Elf:3    | Identified the +2 broad axe of Eternal Vigilance {flame,
                  | Fly Will+}
 51328 | Elf:3    | Identified the +0 pair of boots of Courage {rF+ rC+ Dex+4}
 51343 | Elf:3    | Identified the +10 orcbow "Giantslayer" {flame, Str+4 Int+3
                  | Stlth-}
 51345 | Elf:3    | Identified the +7 shortbow of Day {heavy, ^Contam rElec
                  | Int+7}
 51367 | Elf:3    | Identified the +0 plate armour of Igamiurch {rF+ Will+
                  | Int+3}
 51993 | Depths:1 | Entered Level 1 of the Depths
 52571 | Depths:1 | Received a gift from Trog
 52719 | Depths:1 | Found a gateway to Hell.
 52727 | Depths:1 | Reached skill level 10 in Dodging
 52909 | Depths:1 | Found a stormy altar of Qazlal.
 52910 | Depths:1 | Noticed Bai Suzhen
 52934 | Depths:1 | Killed Bai Suzhen
 54009 | Depths:1 | Found a gateway to Hell.
 54202 | Depths:1 | Found a stormy altar of Qazlal.
 54442 | Depths:2 | Found a sacrificial altar of Ru.
 54473 | Depths:2 | Noticed Sojobo
 54497 | Depths:2 | Killed Sojobo
 54800 | Depths:2 | Found a one-way gate leading to the halls of Pandemonium.
 54884 | Depths:2 | Noticed a golden dragon
 54891 | Depths:2 | Killed a golden dragon
 54953 | Depths:2 | Received a gift from Trog
 55676 | Depths:3 | Found a one-way gateway to a ziggurat.
 55698 | Depths:3 | Reached XP level 23. HP: 226/226 MP: 23/23
 56109 | Depths:3 | Received a gift from Trog
 56556 | Depths:4 | Entered Level 4 of the Depths
 56825 | Depths:4 | Found a white marble altar of Elyvilon.
 56985 | Depths:4 | Found a gate to the Realm of Zot.
 57026 | Depths:4 | Noticed a caustic shrike
 57026 | Depths:4 | Noticed a caustic shrike
 57038 | Depths:4 | Killed a caustic shrike
 57042 | Depths:4 | Killed a caustic shrike
 57287 | Depths:4 | Found Nungaj's Assorted Antiques.
 57289 | Depths:4 | Found Eliy's Magic Scroll Shop.
 57292 | Depths:4 | Found Qofan's Magic Scroll Boutique.
 57295 | Depths:4 | Bought a scroll of teleportation for 87 gold pieces
 57297 | Depths:4 | Bought a scroll of fear for 92 gold pieces
 57297 | Depths:4 | Bought a scroll of blinking for 172 gold pieces
 57299 | Depths:4 | Bought a scroll of butterflies for 88 gold pieces
 57299 | Depths:4 | Bought a scroll of blinking for 165 gold pieces
 57299 | Depths:4 | Bought a scroll of teleportation for 66 gold pieces
 57299 | Depths:4 | Bought a scroll of enchant armour for 165 gold pieces
 57482 | Depths:4 | Upgraded the game from 0.32-a0-791-gfc315c9ecd to
                  | 0.32-a0-799-g95e1662365
 57513 | Zot:1    | Entered Level 1 of the Realm of Zot
 58431 | Zot:1    | Received a gift from Trog
 59000 | Zot:1    | Noticed a curse toe
 59009 | Zot:1    | Killed a curse toe
 59614 | Zot:1    | Identified the +1 pair of gloves of Duty {Str+4}
 61434 | Zot:2    | Reached XP level 24. HP: 183/239 MP: 18/23
 62247 | Zot:2    | Received a gift from Trog
 64469 | Zot:5    | Entered Level 5 of the Realm of Zot
 64576 | Zot:5    | Received a gift from Trog
 65470 | Vaults:5 | Entered Level 5 of the Vaults
 65474 | Vaults:5 | Noticed an ancient lich
 65480 | Vaults:5 | Killed an ancient lich
 65805 | Vaults:5 | Identified the +1 battleaxe of Inquiry {freeze, ^Contam
                  | rC+++ Will+ rCorr}
 65972 | Vaults:5 | Identified the +11 hand axe of World Downfall {antimagic,
                  | *Noise rCorr Str+4} (Trog gifted it to you on level 5 of
                  | the Vaults)
 65972 | Vaults:5 | Received a gift from Trog
 66191 | Vaults:5 | Reached XP level 25. HP: 219/249 MP: 23/23
 66291 | Vaults:5 | Identified the amulet "Nuuzenk" {Acrobat -Tele rElec rPois
                  | Will+++}
 66319 | Vaults:5 | Acquired the ring of Atont {rN++ Will+}
 66491 | Vaults:5 | Identified the +2 mace "Kif Waxe" {heavy, rCorr}
 66521 | Vaults:5 | Identified the +1 orcbow "Xiojasch" {heavy, rF+ MP+9}
 66521 | Vaults:5 | Identified the +2 plate armour "Ynnei" {Int+2 Dex+4}
 66748 | Vaults:5 | Got a silver rune of Zot
 66751 | Vaults:5 | Identified the +0 ring mail of Jastreqemm {rN+ Str+3 Int+2}
 68697 | Crypt:1  | Entered Level 1 of the Crypt
 68701 | Vaults:3 | Upgraded the game from 0.32-a0-799-g95e1662365 to
                  | 0.32-a0-814-g0968bab981
 68701 | Vaults:3 | Upgraded the game from 0.32-a0-814-g0968bab981 to
                  | 0.32-a0-818-gb728d0252e
 68707 | Crypt:1  | Noticed Xtahua
 68729 | Vaults:3 | Killed Xtahua
 68753 | Crypt:1  | Received a gift from Trog
 69051 | Crypt:1  | Found an ancient bone altar of Kikubaaqudgha.
 69191 | Crypt:1  | Noticed Grunn
 69212 | Crypt:1  | Killed Grunn
 69217 | Crypt:1  | Noticed Zenata
 69280 | Crypt:1  | Killed Zenata
 69396 | Crypt:1  | Noticed Donald
 69403 | Crypt:1  | Killed Donald
 69434 | Crypt:1  | Gained mutation: Your health recovers twice as slowly from
                  | being drained. [a neqoxec]
 69496 | Crypt:1  | Noticed Khufu
 69497 | Crypt:1  | Noticed a royal mummy
 69510 | Crypt:1  | Killed Khufu
 69512 | Crypt:1  | Killed a royal mummy
 69884 | Crypt:2  | Identified the +2 chain mail of Macaroni {Rampage SInv}
 69924 | Crypt:2  | Identified the +3 battleaxe "Rixuelig" {antimagic, rC++
                  | rCorr Str+2} (Trog gifted it to you on level 2 of the
                  | Crypt)
 69924 | Crypt:2  | Received a gift from Trog
 70623 | Crypt:3  | Entered Level 3 of the Crypt
 70654 | Crypt:2  | HP: 7/254 [jiangshi[a vampire mage] (11)]
 70654 | Crypt:2  | Mangled by a jiangshi

Illustrated notes

Levels and vault maps discovered:
D:1:      ldierk_walled_garden_2, layout_loops_ring, serial_shops, shop,
          shapermc_ecumenical_altar_notcrosses, minmay_surrounded
D:2:      layout_rooms, serial_aquarium, aquarium_bridge_long_separate
          [aquarium_subvault_wall, aquarium_subvault_bridge,
          aquarium_subvault_window, aquarium_subvault_bridge,
          aquarium_subvault_bridge, aquarium_subvault_bridge],
          aquarium_window_fake, aquarium_window_fake, aquarium_window_1,
          aquarium_view_2g, aquarium_view_2e, aquarium_balcony_3a
D:3:      layout_basic, hangedman_decor_lopped, chequers_avenue,
          minmay_misc_feat_iff
D:4:      layout_basic, fedhas_altar_decomposition
D:5:      layout_cave_pools
D:6:      layout_basic, gammafunk_ghost_gnarly_gnolls, minmay_mini_ossuary
D:7:      layout_basic, minmay_temple_entry_statues, uniq_maggie
D:8:      layout_loops_cross, kennysheep_generic_room_15
D:9:      layout_rooms
D:10:     layout_loops_ring, serial_shops, nicolae_shop_peninsula, uniq_psyche,
          uniq_maurice
D:11:     layout_rooms, erik_lair_orcish_takeover, uniq_erolcha, uniq_fannar
D:12:     layout_loops_ring, uniq_nergalle, uniq_lodul, uniq_nessos
D:13:     layout_roguey, portal_ice_cave_entry_pillars_1, gammafunk_ghost_smash
D:14:     evilmike_halls_of_destruction, layout_rooms,
          grunt_vaults_entry_fortified, nicolae_gozag_seed_capital, bloody_trog,
          uniq_rupert
D:15:     hangedman_depths_entry_civil_slaughter, layout_loops_ring,
          fountainhead
Lair:1:   minmay_lair_oklob_tunnel, layout_regular_city
Lair:2:   layout_cave_pods, nicolae_lair_grazing_beasts
          [nicolae_sub_lair_graze_edge, nicolae_sub_lair_graze_edge,
          nicolae_sub_lair_graze_edge, nicolae_sub_lair_graze_edge],
          lemuel_fruit_fields
Lair:3:   layout_chaotic_city, mainiacjoe_swamp_entry_angry_trees,
          spider_nest_entry_webs, kennysheep_rathole, grunt_megastairs_5,
          lemuel_fruit_fields, lemuel_fruit_fields, infiniplex_staircase_pool
Lair:4:   wander_river, layout_small_grid, minmay_slime_entry_oklob_enclosed,
          uniq_snorg
Lair:5:   hellmonk_lair_end_abyssal_woods, layout_long_grid,
          infiniplex_staircase_pool_2, serial_bayou_shore_a, lemuel_fruit_fields
Swamp:1:  layout_basic_swamp, nicolae_swamp_well_well_well
Swamp:2:  layout_basic_swamp, evilmike_swamp_ruin_house_1,
          nicolae_swamp_decorative_isthmus
Swamp:3:  nicolae_swamp_wrong_neighborhood, layout_basic_swamp,
          evilmike_swamp_ruin_rubble_1, uniq_louise, uniq_mara
Swamp:4:  swamp, layout_basic_swamp
Spider:1: lemuel_spider_zombies
Spider:2: layout_spider_delve, nicolae_spider_nook
Spider:3: layout_spider_delve, hangedman_spider_tarantella_strand
Spider:4: hellmonk_spider_rune_bug_friends, uniq_arachne
Orc:1:    layout_caves, serial_shops, shop, mines2_david, uniq_harold
Orc:2:    grunt_orc_tribal_feast, layout_caves, ebering_ghost_gozag, basic_altar
Elf:1:    layout_gridlike, minmay_elf_crystal_hexagon, hangedman_elven_ridges,
          evilmike_spriggan_trog_shrine
Elf:2:    nicolae_elf_blades_crystal_corner, layout_loops_corners, serial_shops,
          shop, lemuel_elevator, uniq_azrael
Elf:3:    minmay_elf_hall_golems, layout_geoelf_octagon, drop_trap,
          serial_sigils_hangedman_writhe
Vaults:1: v_misc_26, v_misc_3, nicolae_vaults_three_branches, v_misc_14,
          minmay_orc_keep, nicolae_vaults_stairing_the_circle, v_misc_19,
          ontoclasm_vaults_twist, layout_vaults_big_room, uniq_aizul
Vaults:2: hellmonk_ghost_happy_afterlife, nicolae_vaults_asterisk,
          nicolae_vaults_ninety_degrees, vaults_standard_mumra_x, v_misc_18,
          nicolae_vaults_mush_room, vaults_room_fours, nicolae_vaults_diamond_1,
          v_rooms_6, vaults_room_fours, vaults_room_fancy_cross,
          ontoclasm_vaults_bender, serial_library_hellmonk_open_square,
          layout_vaults_omnibox
Vaults:3: minmay_crypt_entry_simple_box, nicolae_vaults_turnstiles,
          hangedman_vaults_hat, nicolae_vaults_big_ls, v_rooms_1,
          nicolae_vaults_specimen_jars, nicolae_vaults_tetromino_L_2, v_rooms_3,
          lightli_church_of_beogh, ontoclasm_vaults_pinch,
          nicolae_vaults_trapezoid_2, vaults_dpeg_encased_lava,
          layout_vaults_maze_bifur
Vaults:4: ontoclasm_vaults_misaligned, v_alt_pattern_1,
          nicolae_vaults_heart-shaped_vault, hangedman_vaults_capsules,
          nicolae_vaults_trapezoid_lopsided_2, vaults_mumra_chevron_long,
          nicolae_vaults_shipping_containers_6, nicolae_vaults_house_3,
          v_misc_19, hangedman_vaults_maws, nicolae_vaults_closet_pinwheel_1,
          nicolae_vaults_trapezoid_lopsided_2, vaults_room_pools,
          nicolae_vaults_two_Ls, layout_vaults_omnicross, serial_shops,
          nicolae_shop_bloodbath_and_beyond
Vaults:5
Crypt:1:  ragdoll_tomb_raider, layout_misc_corridors,
          lemuel_mausoleum_altar_kikubaaqudgha, uniq_donald, uniq_grunn,
          uniq_xtahua, uniq_margery, uniq_zenata
Crypt:2:  layout_gridlike, grunt_megastairs_2
Crypt:3:  due_elkab, layout_chaotic_city, nicolae_tomb_entry_rubble_hallway,
          nicolae_crypt_lichyard
Depths:1: layout_long_grid, nicolae_hell_entry_hellmouth_sunbeams,
          nicolae_qazlal_general_emergency, nicolae_rock_paper_scissors,
          uniq_bai_suzhen, uniq_nikola
Depths:2: minmay_textured_paths, layout_twisted_cross, grunt_pan_entry_zigzag,
          pf_hell_entry_tar_spiral, nicolae_ru_great_annihilating_truth,
          uniq_sojobo
Depths:3: hellmonk_crumbling_castle, layout_cave_pools, enter_ziggurat_e,
          regret_index_abyss_entry_already_here, grunt_hell_entry_dis_grunt
Depths:4: evilmike_zot_entry_basic, layout_cave_shapes, elyvilon_altar_3,
          hell_entry, abyss_entry_crystal, lightli_fourway_metalbox,
          minmay_shop_star
Zot:1:    layout_basic, regret_index_zotdec_under_construction,
          grunt_ministairs_3, zot_minivault_2
Zot:2:    nicolae_zot_stationary_front, layout_misc_corridors, st_stairs_14
Zot:3:    layout_twisted_circle
Zot:4:    layout_gridlike, hangedman_zot_decor_scrapings
Zot:5:    layout_twisted_circle

Skill      XL: |  1  2  3  4  5  6  7  8  9 10 11 12 13 14 15 16 17 18 19 20 21 22 23 24 25 |
---------------+----------------------------------------------------------------------------+-----
Axes           | 4 5 6 7 8 10 12 13 15 18 20 23 24 | 24.0
Armour         | 3 4 5 6 7 9 11 12 14 16 17 19 20 21 22 23 24 25 26 | 26.3
Fighting       | 5 8 10 18 19 21 22 23 24 25 26 | 26.3
Throwing       | 5 |  5.3
Evocations     | 3 8 11 14 17 20 21 24 | 24.0
Dodging        | 5 8 12 | 12.0

Action                     |  1- 3 |  4- 6 |  7- 9 | 10-12 | 13-15 | 16-18 | 19-21 | 22-24 | 25-27 || total
---------------------------+-------+-------+-------+-------+-------+-------+-------+-------+-------++-------
  Melee: Hand axe          |   131 |    10 |       |       |       |       |       |       |       ||   141
         Halberd           |       |   163 |   227 |       |    21 |     5 |       |       |       ||   416
         Battleaxe         |       |       |   168 |   730 |   865 |  1778 |  1155 |       |       ||  4696
         Executioner's axe |       |       |       |       |       |       |   468 |  1489 |   472 ||  2429
  Throw: Dart              |       |     2 |     7 |     6 |    10 |    68 |     1 |       |       ||    94
 Invoke: Berserk           |     1 |       |     5 |     9 |     6 |     8 |     8 |     3 |     3 ||    43
         Trog's Hand       |       |       |       |     4 |     5 |     6 |     8 |    18 |     5 ||    46
         Brothers in Arms  |       |       |       |     1 |     1 |       |     2 |     1 |       ||     5
  Evoke: Wand              |       |       |       |     1 |       |     1 |     3 |     2 |     1 ||     8
         Phantom mirror    |       |       |       |       |       |     2 |       |     1 |       ||     3
         Lightning rod     |       |       |       |       |       |       |     3 |     7 |       ||    10
    Use: Potion            |       |     2 |       |     1 |     2 |     6 |     3 |     3 |     2 ||    19
         Scroll            |       |       |    14 |     3 |     9 |    10 |     6 |    21 |     4 ||    67
   Stab: Invisible         |       |       |       |       |     1 |       |       |       |       ||     1
         Distracted        |       |       |       |       |       |     1 |       |       |       ||     1
         Paralysed         |       |       |       |       |       |       |       |     1 |       ||     1
         Sleeping          |       |       |       |       |       |       |       |     1 |       ||     1
 Armour: Animal skin       |    60 |       |       |       |       |       |       |       |       ||    60
         Ring mail         |       |    55 |       |       |       |       |       |       |       ||    55
         Scale mail        |       |    35 |   211 |    70 |       |       |       |       |       ||   316
         Chain mail        |       |       |   116 |   127 |       |       |       |       |       ||   243
         Leather armour    |       |       |       |    41 |       |       |       |       |       ||    41
         Swamp dragon scal |       |       |       |   351 |    17 |  1121 |       |       |       ||  1489
         Plate armour      |       |       |       |       |   699 |   766 |  1596 |   147 |       ||  3208
         Pearl dragon scal |       |       |       |       |       |       |       |  1142 |   465 ||  1607
  Dodge: Dodged            |    95 |   145 |   385 |   495 |   430 |  1353 |   908 |  1302 |   392 ||  5505
  Block: Other             |       |       |       |       |       |       |       |    47 |       ||    47

Table legend: (Time is in decaauts)
 A = Elapsed time spent in this place.
 B = Non-inter-level travel time spent in this place.
 C = Inter-level travel time spent in this place.
 D = Time resting spent in this place.
 E = Time spent auto-exploring this place.
 F = Levels seen in this place.
 G = Mean time per level.
                   A        B        C        D        E       F      G
               +--------+--------+--------+--------+--------+-----+--------+
         Total |  69753 |  63562 |   6191 |  10335 |  39848 |  54 | 1291.7 |
       Dungeon |  19239 |  16735 |   2504 |   3491 |   9996 |  15 | 1282.6 |
          Lair |   7432 |   6452 |    980 |    870 |   4425 |   5 | 1486.4 |
         Swamp |   5021 |   4785 |    236 |   1619 |   2205 |   4 | 1255.2 |
   Spider Nest |   6833 |   6615 |    218 |   1783 |   3289 |   4 | 1708.2 |
  Orcish Mines |   2095 |   1875 |    220 |    119 |   1212 |   2 | 1047.5 |
   Elven Halls |   5271 |   5061 |    210 |    481 |   3384 |   3 | 1757.0 |
        Vaults |   9049 |   8236 |    813 |    583 |   5556 |   5 | 1809.8 |
         Crypt |   1836 |   1791 |     45 |     45 |   1271 |   3 |  612.0 |
        Depths |   5179 |   4731 |    448 |    522 |   3444 |   4 | 1294.8 |
           Zot |   7128 |   6616 |    512 |    713 |   4981 |   5 | 1425.6 |
         Abyss |    668 |    668 |      0 |    103 |     83 |   4 |  167.0 |
               +--------+--------+--------+--------+--------+-----+--------+

Top non-repeatable levels by time:
   Zot:1: 3070 daAuts
    D:14: 2801 daAuts
   Elf:2: 2660 daAuts
Vaults:5: 2656 daAuts
Spider:3: 2383 daAuts
 Swamp:2: 2322 daAuts
    D:15: 2128 daAuts
     D:6: 1711 daAuts
Vaults:3: 1664 daAuts
Vaults:1: 1656 daAuts
  Lair:5: 1632 daAuts
Vaults:2: 1630 daAuts
Spider:4: 1595 daAuts
  Lair:1: 1589 daAuts
Depths:1: 1553 daAuts
